 Dungeon Crawl Stone Soup version 0.29-a0-11-ga75d3d97ab (webtiles) character file.

Game seed: 16392366248016676731

100 issech the Cudgeller (level 4, -2/44 HPs)
             Began as a Troll Monk on Jan 28, 2022.
             Slain by Jessica (11 damage)
             ... on level 2 of the Dungeon.
             The game lasted 00:04:14 (1372 turns).

issech the Cudgeller (Troll Monk)                   Turns: 1372, Time: 00:04:16

Health: -2/44      AC:  8    Str: 19    XL:     4   Next: 46%
Magic:  3/3        EV: 10    Int:  6    God:
Gold:   24         SH:  0    Dex: 14    Spells: 3/3 levels left

rFire   . . .      SeeInvis .   a - +0 mace
rCold   . . .      Faith    .   (no shield)
rNeg    . . .      Spirit   .   b - +0 robe
rPois   .          Reflect  .   n - +0 hat
rElec   .          Harm     .   (no cloak)
rCorr   .          Rampage  .   (gloves unavailable)
Will    .....                   (boots unavailable)
Stlth   ++........              (no amulet)
HPRegen 0.94/turn               j - +4 ring of protection
MPRegen 0.08/turn               (no ring)

@: no status effects
A: large, unfitting armour, claws 3, regeneration 1, shaggy fur 1, tough skin 1
a: no special abilities


You were on level 2 of the Dungeon.
You visited 1 branch of the dungeon, and saw 2 of its levels.

You collected 24 gold pieces.

Inventory:

Hand Weapons
 a - a +0 mace (weapon)
Missiles
 c - 47 stones (quivered)
 h - 12 sling bullets
 p - 14 arrows
Armour
 b - a +0 robe (worn)
 k - a scarf of harm
 n - a +0 hat (worn)
Magical Staves
 l - a staff of poison
Jewellery
 j - a +4 ring of protection (left claw)
Scrolls
 d - a scroll of noise {unknown}
 e - a scroll of amnesia {unknown}
 g - a scroll of holy word {unknown}
 m - 2 scrolls of identify {unknown}
 o - 2 scrolls of teleportation {unknown}
Potions
 f - a potion of degeneration {unknown}
 i - a potion of resistance {unknown}


   Skills:
 + Level 2.9 Fighting
 + Level 3.7 Maces & Flails
 + Level 3.1 Dodging
 + Level 1.2 Stealth


You had 3 spell levels left.
You didn't know any spells.
Your spell library was empty.

Dungeon Overview and Level Annotations

Branches:
Dungeon (2/15)

Altars:

Annotations:
D:2 Jessica


Innate Abilities, Weirdness & Mutations

You are too large for most types of armour.
You have claws for hands.
Your natural rate of healing is unusually fast.
You are covered in fur. (AC +1)
You have tough skin. (AC +1)


Message History

Jessica casts a spell.
Jessica blinks!
You closely miss Jessica.
Jessica is heavily wounded.
Jessica gestures at you while chanting. Pain shoots through your body!
Jessica hits you with a +7 club!
You closely miss Jessica.
Jessica is heavily wounded.
Jessica hits you but does no damage.
You hit Jessica.
Jessica is almost dead.
Jessica barely misses you. Jessica hits you but does no damage.
You hit Jessica but do no damage.
Jessica is almost dead.
Jessica hits you with a +7 club. Jessica hits you with a +7 club!
Jessica points at you and mumbles some strange words.
Pain shoots through your body!
Jessica mumbles some strange words.
Jessica blinks!
Jessica casts a spell at you.
You feel yourself slow down.
Jessica shouts, "You're disturbing me!
I'll have to kill you!"
Jessica grins evilly.
Jessica gestures wildly while chanting.
Jessica blinks!
Jessica completely misses you.
Jessica is no longer moving quickly.
Jessica casts a spell at you. Pain shoots through your body!
Jessica mumbles some strange words.
Jessica blinks!
Jessica hits you with a +7 club. Jessica casts a spell at you.
Pain shoots through your body! Jessica hits you with a +7 club!
* * * LOW HITPOINT WARNING * * *
Jessica hits you with a +7 club.
* * * LOW HITPOINT WARNING * * *
You feel yourself speed up. Jessica hits you with a +7 club!
You die...

...# #.#.# #............# ...#
#.#.# #.......###### ...###.#.#
#.......# .......#.#
#.......#######
##.#####.#########.#.#.....#
##.#####.......# #.#.#.###.#
#.....########.###.#.#.###.######
#......>.[.......................
#.....#.........@@...............
#.....##.#########.#...#########.
#......†.##............# ######..
#......####.########...# #......#
#......##......# #...# #.####.#
######.##......# #...# #.# #..
#....#......# ##### #.# ##.#
#....'.†....###### #.# #..#
#....#......#....# ###'###...


You could see Jessica.

Vanquished Creatures
  A hound (D:2)
  3 adders (D:2)
  A worm (D:2)
  3 bats (D:2)
  6 endoplasms
  4 giant cockroaches (D:2)
  A goblin (D:1)
  2 hobgoblins (D:2)
  2 kobolds (D:2)
  5 quokkas
  3 ball pythons
  2 frilled lizards (D:2)
  5 rats
38 creatures vanquished.

Notes
Turn   | Place    | Note
-------+----------+-------------------------------------------
     0 | D:1      | issech the Troll Monk began the quest for the Orb.
     0 | D:1      | Reached XP level 1. HP: 22/22 MP: 0/0
   254 | D:1      | Reached XP level 2. HP: 19/29 MP: 1/1
   387 | D:1      | Found a faded altar of an unknown god.
   894 | D:2      | Reached XP level 3. HP: 32/36 MP: 2/2
  1048 | D:2      | Reached XP level 4. HP: 16/44 MP: 3/3
  1266 | D:2      | Noticed Jessica
  1372 | D:2      | Slain by Jessica

Illustrated notes

Levels and vault maps discovered:
D:1:      dpeg_arrival_simpleton_a, layout_basic,
          dreamdust_ecumenical_altar_angels_and_demons, kennysheep_pointless_box
D:2:      layout_basic, serial_shops, shop, minmay_box_of_dots, uniq_jessica

Skill      XL: |  1  2  3 |
---------------+----------+-----
Maces & Flails | 3 |  3.7
Dodging        | 3 |  3.1
Fighting       | |  2.9
Stealth        | |  1.2

Action                   |  1- 3 |  4- 6 || total
-------------------------+-------+-------++-------
Melee: Mace              |   121 |    40 ||   161
 Stab: Sleeping          |     2 |       ||     2
Armor: Robe              |    70 |    19 ||    89
Dodge: Dodged            |    80 |    33 ||   113

Table legend: (Time is in decaauts)
 A = Elapsed time spent in this place.
 B = Non-inter-level travel time spent in this place.
 C = Inter-level travel time spent in this place.
 D = Time resting spent in this place.
 E = Time spent auto-exploring this place.
 F = Levels seen in this place.
 G = Mean time per level.
                   A        B        C        D        E       F      G
               +--------+--------+--------+--------+--------+-----+--------+
         Total |   1415 |   1395 |     20 |     30 |    748 |   2 |  707.5 |
       Dungeon |   1415 |   1395 |     20 |     30 |    748 |   2 |  707.5 |
               +--------+--------+--------+--------+--------+-----+--------+

Top non-repeatable levels by time:
     D:1: 816 daAuts
     D:2: 598 daAuts
